 Dungeon Crawl Stone Soup version 0.29-a0-1027-gcd8c55af63 (webtiles) character file.

Game seed: 429675230575596586

53 frimble the Digger (level 3, 0/24 HPs)
             Began as a Demonspawn Earth Elementalist on Aug 13, 2022.
             Slain by a goblin
             ... wielding a +0 club
             ... led by Robin
              (5 damage)
             ... on level 2 of the Dungeon.
             The game lasted 00:02:34 (2424 turns).

frimble the Digger (Demonspawn Earth Elementalist)  Turns: 2424, Time: 00:02:34

Health: 0/24       AC:  3    Str: 10    XL:     3   Next: 64%
Magic:  3/6        EV: 12    Int: 16    God:
Gold:   104        SH:  0    Dex: 13    Spells: 5/6 levels left

rFire   . . .      SeeInvis .     - Unarmed
rCold   . . .      Faith    .   (no shield)
rNeg    . . .      Spirit   .   a - +0 robe
rPois   .          Reflect  .   (no helmet)
rElec   .          Harm     .   (no cloak)
rCorr   .          Rampage  .   (no gloves)
Will    .....                   j - +0 pair of boots
Stlth   ++........              (no amulet)
HPRegen 0.08/turn               (no ring)
MPRegen 0.10/turn               (no ring)

@: brilliant
A: claws 1, demonic magic 1
a: no special abilities


You were on level 2 of the Dungeon.
You visited 1 branch of the dungeon, and saw 2 of its levels.

You collected 104 gold pieces.

Inventory:

Armour
 a - a +0 robe (worn)
 j - a +0 pair of boots (worn)
Wands
 f - a wand of paralysis (11)
Scrolls
 d - a scroll of identify {unknown}
 i - a scroll of enchant weapon
Potions
 c - a potion of heal wounds {unknown}
 e - a potion of resistance {unknown}
 g - a potion of flight {unknown}
 h - a potion of cancellation {unknown}
 k - a potion of attraction {unknown}
 l - a potion of curing {unknown}
 m - a potion of degeneration {unknown}


   Skills:
 - Level 1.7 Dodging
 - Level 1.7 Stealth
 + Level 1.2 Unarmed Combat
 - Level 2.0 Spellcasting
 + Level 2.1 Transmutations
 + Level 3.3 Earth Magic


You had 5 spell levels left.
You knew the following spells:

 Your Spells              Type           Power      Damage    Failure   Level
a - Sandblast             Erth           36%        2d10      5%          1

Your spell library contained the following spells:

 Spells                   Type           Power      Damage    Failure   Level
 Passwall                 Tmut/Erth      12%        N/A       11%         2
 Foxfire                  Conj/Fire      8%         2x1d4     21%         1
 Stone Arrow              Conj/Erth      20%        3d8       30%         3
 Conjure Flame            Conj/Fire      2%         6-21      52%         3
 Inner Flame              Hex/Fire       2%         N/A       52%         3
 Petrify                  Tmut/Erth      15%        N/A       56%         4
 Flame Wave               Conj/Fire      2%         2d4       90%         4


Dungeon Overview and Level Annotations

Branches:
Dungeon (2/15)

Altars:

Annotations:
D:2 Robin


Innate Abilities, Weirdness & Mutations

You have sharp fingernails.
Spells you cast may paralyse adjacent enemies.


Message History

The goblin hits you with a +0 club.
A hobgoblin comes into view.
You scratch the goblin.
You kill the goblin!
Aiming: Sandblast (safe; 5% risk of failure)
Press: ? - help, Q - select action, (/) - cycle Shift-Dir - straight line, f - Robin
Aim: Robin, wielding a +0 club, wearing a +0 animal skin and wearing a +1 helmet (87% to hit)
The blast of sand hits Robin but does no damage.
Malevolent energies surge around you.
Robin suddenly stops moving!
A goblin comes into view. It is wielding a +0 club.
The helpless Robin fails to defend themself.
You scratch Robin.
Robin is lightly wounded.
The helpless Robin fails to defend themself.
You scratch Robin.
Robin is lightly wounded.
Robin is no longer paralysed.
Robin misses you.
You barely miss Robin.
Robin is lightly wounded.
Robin throws the goblin at you! The goblin misses you.
You scratch Robin.
Robin is moderately wounded.
The goblin hits you with a +0 club. Robin hits you with a +0 club.
* * * LOW HITPOINT WARNING * * *
Aiming: Sandblast (safe; 5% risk of failure)
Press: ? - help, Q - select action, (/) - cycle Shift-Dir - straight line, f/p - Robin
Aim: Robin, wielding a +0 club, wearing a +0 animal skin and wearing a +1 helmet (moderately wounded, 87% to hit)
The blast of sand hits Robin.
Robin is severely wounded.
Malevolent energies surge around you. The goblin barely misses you.
Robin hits you with a +0 club.
* * * LOW HITPOINT WARNING * * *
A hobgoblin comes into view.
Robin closely misses you. The goblin closely misses you.
It was a potion of brilliance.
You feel clever all of a sudden.
The hobgoblin shouts!
The goblin hits you with a +0 club.
You die...

........
....########
......>....#
##'###.###.#
(....#.# #.#
....)#.# #.#
.....'.# #.#
# .....###
#.#######g#
.....#
#.....g@gg#
.....#
###########
.....#
.....#
######


You could see Robin, 2 hobgoblins and a goblin (strong).

Vanquished Creatures
  2 dart slugs (D:1)
  3 ball pythons
  3 bats
  6 endoplasms
  3 giant cockroaches
  4 goblins
  5 hobgoblins
  2 jackals (D:1)
  4 kobolds
  2 quokkas
  5 frilled lizards (D:1)
  4 rats
43 creatures vanquished.

Notes
Turn   | Place    | Note
-------+----------+-------------------------------------------
     0 | D:1      | frimble the Demonspawn Earth Elementalist began the quest
                  | for the Orb.
     0 | D:1      | Reached XP level 1. HP: 13/13 MP: 3/3
    24 | D:1      | Reached skill level 1 in Transmutations
   442 | D:1      | Reached skill level 3 in Earth Magic
   447 | D:1      | Gained mutation: You have sharp fingernails. [demonic
                  | ancestry]
   447 | D:1      | Reached XP level 2. HP: 15/19 MP: 0/5
  1361 | D:1      | Gained mutation: Spells you cast may paralyse adjacent
                  | enemies. [demonic ancestry]
  1361 | D:1      | Reached XP level 3. HP: 14/24 MP: 3/6
  1834 | D:2      | Reached skill level 1 in Unarmed Combat
  2227 | D:2      | Found a faded altar of an unknown god.
  2414 | D:2      | Noticed Robin
  2424 | D:2      | Slain by a goblin

Illustrated notes

Levels and vault maps discovered:
D:1:      dpeg_arrival_simpleton_c, layout_loops_ring, dk_noncrumbling_4,
          serial_park_tiny_2, minmay_tetromino_s2
D:2:      layout_basic, hellmonk_ecumenical_altar_leap_of_faith, uniq_robin

Skill      XL: |  1  2  3 |
---------------+----------+-----
Transmutations | 1 2 |  2.1
Earth Magic    | 3 |  3.3
Unarmed Combat | 1 |  1.2
Dodging        | |  1.7
Stealth        | |  1.7
Spellcasting   | |  2.0

Action                   || total
-------------------------++-------
Melee: Unarmed           ||    92
       Punch             ||     1
 Cast: Sandblast         ||    43
  Use: Potion            ||     2
       Scroll            ||     4
 Stab: Sleeping          ||     5
       Paralysed         ||     2
Armor: Robe              ||    20
Dodge: Dodged            ||    94

Table legend: (Time is in decaauts)
 A = Elapsed time spent in this place.
 B = Non-inter-level travel time spent in this place.
 C = Inter-level travel time spent in this place.
 D = Time resting spent in this place.
 E = Time spent auto-exploring this place.
 F = Levels seen in this place.
 G = Mean time per level.
                   A        B        C        D        E       F      G
               +--------+--------+--------+--------+--------+-----+--------+
         Total |   2465 |   2421 |     44 |      0 |   2058 |   2 | 1232.5 |
       Dungeon |   2465 |   2421 |     44 |      0 |   2058 |   2 | 1232.5 |
               +--------+--------+--------+--------+--------+-----+--------+

Top non-repeatable levels by time:
     D:1: 1835 daAuts
     D:2: 629 daAuts
